 Dungeon Crawl Stone Soup version 0.19-a0-1155-gb6eeeff (webtiles) character file.

23 seren the Stinger (level 3, 25/28 HPs)
             Began as a Naga Venom Mage on Aug 13, 2016.
             Quit the game on level 1 of the Dungeon.
             The game lasted 00:04:21 (1071 turns).

seren the Stinger (Naga Venom Mage)                 Turns: 1071, Time: 00:04:22

Health: 25/28      AC:  5    Str: 10    XL:     3   Next: 0%
Magic:  5/6        EV: 10    Int: 16    God:
Gold:   77         SH:  0    Dex: 11    Spells: 1 memorised, 5 levels left

rFire  . . .     SeeInvis +     (no weapon)
rCold  . . .     Gourm    .     a - +0 robe
rNeg   . . .     Faith    .     (no shield)
rPois  +         Spirit   .     (no helmet)
rElec  .         Dismiss  .     (no cloak)
rCorr  .         Reflect  .     i - +2 pair of gloves
MR     .....     Harm     .     (no barding)
Stlth  ++........               (no amulet)
                                (no ring)
                                (no ring)

@: very slow
A: see invisible, deformed body, poison resistance, slowness 2, slow metabolism
1, spit poison 2, AC +1
a: Spit Poison


You were on level 1 of the Dungeon.
You were not hungry.

You visited 1 branch of the dungeon, and saw 1 of its levels.

You collected 77 gold pieces.

Inventory:

Armour
 a - a +0 robe (worn)
 i - a +2 pair of gloves (worn)
Scrolls
 e - a scroll of enchant weapon {unknown}
 f - 3 scrolls of identify {unknown}
 g - a scroll of blinking {unknown}
 j - a scroll of magic mapping {unknown}
Potions
 d - a potion of beneficial mutation {unknown}
 h - a potion of heal wounds {unknown}
Books
 b - a Young Poisoner's Handbook

   Spells                             Type                      Level
   a - Sting                          Conjuration/Poison           1
   b - Mephitic Cloud                 Conjuration/Poison/Air       3
   c - Olgreb's Toxic Radiance        Poison                       4
   d - Alistair's Intoxication        Transmutation/Poison         5
   e - Venom Bolt                     Conjuration/Poison           5
Comestibles
 c - a bread ration
 k - 8 chunks of flesh


   Skills:
 - Level 1.5 Dodging
 - Level 3.0 Stealth
 - Level 2.0 Spellcasting
 + Level 6.4 Poison Magic


You had 5 spell levels left.
You knew the following spells:

 Your Spells              Type           Power        Failure   Level  Hunger
a - Sting                 Conj/Pois      ##..         8%          1    #......


Dungeon Overview and Level Annotations

Branches:
Dungeon (1/15)

Altars:


Innate Abilities, Weirdness & Mutations

You cannot wear boots.
Your serpentine skin is tough. (AC +1)
You have supernaturally acute eyesight. (SInv)
Armour fits poorly on your strangely shaped body.
Your system is resistant to poisons. (rPois)
You cover ground very slowly.
You have a slow metabolism.
You can spit poison.


Message History

A goblin comes into view.
The goblin shouts!
Casting: Sting
Confirm with . or Enter, or press ? or * to list all spells.
Aiming: Sting
Press: ? - help, Shift-Dir - straight line, f - goblin
Aim: a goblin The sting hits the goblin.
The goblin is poisoned.
You kill the goblin!
You have reached level 3!
Your experience leads to an increase in your attributes!
Increase (S)trength, (I)ntelligence, or (D)exterity?
You feel clever.
Your skin feels tougher.
You now have 77 gold pieces (gained 10).
You see here a goblin corpse.
You see here a goblin corpse.
You butcher the goblin corpse.
k - 8 chunks of flesh (gained 3)
Okay, then.
Are you sure you want to abandon this character and quit the game? (Confirm with "yes".)

#...# #....... .####
#.###...# #.....>.
#..... ...##...#
#.......
#.....##..##...#
#...[... ......#..##...#
#.......
#....#..##...###.......
#....... #.....#.......
#......###.....#.......
#.....@..###...#####...
#..#......รท'...'.......
#..##.###...####..##
#..##.# #####.......
#..##.# #.##..## #..##.#
#.##....
#.....#######.##....
#.###.........##.... #..
................


There were no monsters in sight!

Vanquished Creatures
  A dart slug (D:1)
  A giant gecko (D:1)
  A ball python (D:1)
  A bat (D:1)
  5 hobgoblins (D:1)
  2 jackals (D:1)
  A giant newt (D:1)
  2 goblins (D:1)
  A kobold (D:1)
  4 rats (D:1)
19 creatures vanquished.

Notes
Turn   | Place    | Note
-------+----------+-------------------------------------------
     0 | D:1      | seren the Naga Venom Mage began the quest for the Orb.
     0 | D:1      | Reached XP level 1. HP: 15/15 MP: 3/3
   299 | D:1      | Reached XP level 2. HP: 4/22 MP: 0/5
   664 | D:1      | Reached skill level 6 in Poison Magic
  1059 | D:1      | Reached XP level 3. HP: 24/28 MP: 3/6
  1071 | D:1      | Quit the game

Vault maps used:
D:1:      roderic_crossed_star, minmay_rat_gold_closets

Skill      XL: |  1  2 |
---------------+-------+-----
Poison Magic   | 6 |  6.4
Dodging        | |  1.5
Stealth        | |  3.0
Spellcasting   | |  2.0

Action                   || total
-------------------------++-------
Melee: Unarmed           ||    32
 Cast: Sting             ||    33
 Abil: Spit Poison       ||     1
Armor: Robe              ||    13
Dodge: Dodged            ||    35
